[Event "Fagernes GM-A 2019"]
[Site "Fagernes"]
[Date "2019.04.19"]
[Round "7.15"]
[White "Isha Sharma"]
[Black "Bentsen, Hakon"]
[Result "1-0"]
[ECO "C54"]
[WhiteElo "1989"]
[BlackElo "2155"]
[Annotator "NA"]
[PlyCount "91"]
[EventDate "2019.04.14"]
[EventType "tourn"]
[EventCountry "NOR"]
[SourceTitle "playchess.com"]
[Source "ChessBase"]
[SourceQuality "1"]
[TimeControl "40/7200:3600"]

1. e4 e5 2. Nf3 Nc6 3. Bc4 Bc5 4. c3 Nf6 5. d3 O-O 6. Nbd2 d5 7. exd5 Nxd5 8. Ne4 Be7 9. O-O Bg4 10. Re1 Nb6 11. Bb3 a5 12. a4 Qd7 13. Ng3 Rad8 14. Bc2 f6 15. h3 Be6 16. Qe2 Bf7 17. Nh4 g6 18. Bh6 Rfe8 19. Rad1 Nd5 20. Bc1 f5 21. Nf3 Bc5 22. Qf1 Nf4 23. d4 Nxh3+ 24. gxh3 exd4 25. cxd4 Rxe1 26. Qxe1 Bb4 27. Qe3 Re8 28. Qg5 Qd5 29. Rd3 Qc4 30. Bb1 Be7 31. Qd2 Qxa4 32. Qd1 Qb5 33. Ne2 Nb4 34. Nc3 Qa6 35. Re3 Bf6 36. Rxe8+ Bxe8 37. Bf4 Qc4 38. Ne5 Bxe5 39. Bxe5 Bf7 40. Qd2 Nc6 41. Ba2 Nxe5 42. dxe5 Qc6 43. Qd8+ Kg7 44. Qe7 Qe8 45. Qf6+ Kg8 46. e6 1-0

[Event "Fagernes GM-A 2019"]
[Site "Fagernes"]
[Date "2019.04.19"]
[Round "7.16"]
[White "Holleland, Sigve"]
[Black "Ingebretsen, Jens E"]
[Result "0-1"]
[ECO "E04"]
[WhiteElo "2024"]
[BlackElo "2300"]
[Annotator "NA"]
[PlyCount "78"]
[EventDate "2019.04.14"]
[EventType "tourn"]
[EventCountry "NOR"]
[SourceTitle "playchess.com"]
[Source "ChessBase"]
[SourceQuality "1"]
[TimeControl "40/7200:3600"]

1. d4 d5 2. c4 e6 3. g3 Nf6 4. Bg2 dxc4 5. Nf3 Nc6 6. Qa4 Nd7 7. Qxc4 Nb6 8. Qd3 e5 9. O-O exd4 10. Rd1 Be7 11. Na3 Be6 12. Bf4 O-O 13. Nc2 Na4 14. Nfxd4 Bd5 15. e4 Nxb2 16. Qf3 Nxd1 17. Rxd1 Bxa2 18. Nxc6 Qe8 19. Nxe7+ Qxe7 20. Ne3 Be6 21. Nd5 Bxd5 22. exd5 Rfd8 23. Qc3 c6 24. Re1 Qd7 25. d6 Re8 26. Rd1 a5 27. Bc1 Ra6 28. Bb2 f6 29. Qc4+ Kh8 30. Qh4 c5 31. Be4 h6 32. Qf4 a4 33. Bf5 Qf7 34. Bd3 Qb3 35. Rd2 Re1+ 36. Bf1 Qb5 37. Kg2 Qxf1+ 38. Kf3 Qh1+ 39. Kg4 Re4 0-1

[Event "Fagernes GM-A 2019"]
[Site "Fagernes"]
[Date "2019.04.19"]
[Round "7.17"]
[White "Dahl, Trygve"]
[Black "Nordquelle, Daniel"]
[Result "1-0"]
[ECO "B55"]
[WhiteElo "2275"]
[BlackElo "2264"]
[Annotator "NA"]
[PlyCount "67"]
[EventDate "2019.04.14"]
[EventType "tourn"]
[EventCountry "NOR"]
[SourceTitle "playchess.com"]
[Source "ChessBase"]
[SourceQuality "1"]
[TimeControl "40/7200:3600"]

1. e4 c5 2. Nf3 d6 3. d4 cxd4 4. Nxd4 Nf6 5. f3 e5 6. Nb3 Be6 7. c4 Nbd7 8. Be3 a6 9. Nc3 Rc8 10. Nd2 Be7 11. Be2 O-O 12. O-O Nh5 13. Re1 g6 14. Rc1 f5 15. Nf1 Nhf6 16. Nd2 Kh8 17. Nd5 fxe4 18. Nxe7 Qxe7 19. Nxe4 Nxe4 20. fxe4 Nc5 21. Bf3 Bd7 22. Qd2 Bc6 23. Rcd1 Rfe8 24. b4 Na4 25. Bg4 Ra8 26. Bg5 Qf7 27. Rf1 Qxc4 28. Bf6+ Kg8 29. Qh6 Qf7 30. Rxd6 Bb5 31. Rf2 Re7 32. Bxe5 Qxf2+ 33. Kxf2 Rf8+ 34. Rf6 1-0

[Event "Fagernes GM-A 2019"]
[Site "Fagernes"]
[Date "2019.04.19"]
[Round "7.18"]
[White "Lindbol, Aleksander"]
[Black "Grover, Sigurd Loe"]
[Result "1/2-1/2"]
[ECO "C06"]
[WhiteElo "2139"]
[BlackElo "2020"]
[Annotator "NA"]
[PlyCount "135"]
[EventDate "2019.04.14"]
[EventType "tourn"]
[EventCountry "NOR"]
[SourceTitle "playchess.com"]
[Source "ChessBase"]
[SourceQuality "1"]
[TimeControl "40/7200:3600"]

1. e4 e6 2. d4 d5 3. Nd2 Nf6 4. e5 Nfd7 5. Bd3 c5 6. c3 Nc6 7. Ne2 cxd4 8. cxd4 f6 9. exf6 Nxf6 10. O-O Bd6 11. Nf3 Qc7 12. Bg5 O-O 13. Bh4 Nh5 14. Qc2 h6 15. Bh7+ Kh8 16. Bg6 Rxf3 17. Bxh5 Rf5 18. Bg6 Rf8 19. Bg3 Bd7 20. Qd2 Be8 21. Bc2 Rf6 22. Rac1 Bh5 23. Qd3 Bg6 24. Qe3 Bxc2 25. Rxc2 Raf8 26. b4 Bxg3 27. hxg3 Qb6 28. a3 e5 29. Rc5 exd4 30. Nxd4 a5 31. Rxd5 axb4 32. axb4 Qxb4 33. Nf3 Qc4 34. Rfd1 b5 35. Rc5 Qa4 36. Rdc1 Na5 37. Ne5 Qb3 38. Qe4 Kg8 39. Nd7 Re6 40. Qd5 Qxd5 41. Rxd5 Rfe8 42. Rxb5 Re1+ 43. Rxe1 Rxe1+ 44. Kh2 Nc6 45. Rf5 Re7 46. Rf8+ Kh7 47. Nc5 Ne5 48. f3 Nd7 49. Nxd7 Rxd7 50. Rf5 g6 51. Ra5 h5 52. Kh3 Rd1 53. g4 hxg4+ 54. Kxg4 Kh6 55. Ra7 Rd5 56. f4 Rf5 57. g3 Rf6 58. Ra5 Rb6 59. Re5 Ra6 60. Kf3 Kg7 61. g4 Ra3+ 62. Kg2 Ra4 63. Kg3 Rb4 64. Ra5 Rc4 65. Ra7+ Kg8 66. Kf3 Rb4 67. Ke3 g5 68. fxg5 1/2-1/2

[Event "Fagernes GM-A 2019"]
[Site "Fagernes"]
[Date "2019.04.19"]
[Round "7.19"]
[White "Bjerke, Richard"]
[Black "Machlik, Edit"]
[Result "1/2-1/2"]
[ECO "E54"]
[WhiteElo "2156"]
[BlackElo "2109"]
[Annotator "NA"]
[PlyCount "88"]
[EventDate "2019.04.14"]
[EventType "tourn"]
[EventCountry "NOR"]
[SourceTitle "playchess.com"]
[Source "ChessBase"]
[SourceQuality "1"]
[TimeControl "40/7200:3600"]

1. d4 Nf6 2. c4 e6 3. Nc3 Bb4 4. e3 O-O 5. Bd3 d5 6. Nf3 c5 7. O-O dxc4 8. Bxc4 cxd4 9. exd4 b6 10. Qe2 Bb7 11. Rd1 Bxc3 12. bxc3 h6 13. Bd3 Qc7 14. c4 Nc6 15. Ba3 Rfd8 16. h3 Rac8 17. Qe3 Ba6 18. Rac1 Qb7 19. Qf4 b5 20. Rb1 b4 21. Bb2 Qc7 22. Qh4 Ne8 23. Bc1 Qe7 24. Qxe7 Nxe7 25. Rxb4 Nc6 26. Ra4 Bb7 27. Ba3 Nf6 28. Bc5 a6 29. Bb6 Rd7 30. Ne5 Nxe5 31. dxe5 Ne4 32. Ra3 g6 33. Be3 Kg7 34. Rb1 Nc5 35. Bxc5 Rxc5 36. f4 g5 37. g3 Rxd3 38. Rxd3 Be4 39. Rbd1 Bxd3 40. Rxd3 Rxc4 41. fxg5 hxg5 42. Ra3 Rc6 43. Ra5 Kg6 44. g4 Kg7 1/2-1/2

[Event "Fagernes GM-A 2019"]
[Site "Fagernes"]
[Date "2019.04.19"]
[Round "7.20"]
[White "Gronnestad, Anita"]
[Black "Lillevold, Frode"]
[Result "1-0"]
[ECO "D48"]
[WhiteElo "1954"]
[BlackElo "2076"]
[Annotator "NA"]
[PlyCount "81"]
[EventDate "2019.04.14"]
[EventType "tourn"]
[EventCountry "NOR"]
[SourceTitle "playchess.com"]
[Source "ChessBase"]
[SourceQuality "1"]
[TimeControl "40/7200:3600"]

1. c4 e6 2. d4 d5 3. Nc3 c6 4. e3 Nf6 5. Nf3 Nbd7 6. Bd3 dxc4 7. Bxc4 b5 8. Bd3 a6 9. e4 c5 10. d5 Bb7 11. dxe6 fxe6 12. O-O c4 13. Bc2 Qc7 14. Ng5 Nc5 15. e5 Qc6 16. f3 Nd5 17. Nxd5 Qxd5 18. Qxd5 Bxd5 19. Bxh7 Be7 20. Bg6+ Kd7 21. Rd1 Kc6 22. Be3 b4 23. Rac1 Kb5 24. h3 a5 25. Nf7 Rhc8 26. h4 a4 27. Bg5 Bxg5 28. Nd6+ Ka6 29. hxg5 Nd7 30. Nxc8 Rxc8 31. f4 Kb5 32. Bf5 Nb6 33. Bg4 c3 34. bxc3 Rxc3 35. Be2+ Bc4 36. Kf2 Nd5 37. f5 Bxe2 38. Rxd5+ exd5 39. Rxc3 bxc3 40. Kxe2 Kc4 41. e6 1-0

[Event "Fagernes GM-A 2019"]
[Site "Fagernes"]
[Date "2019.04.20"]
[Round "8.3"]
[White "Urkedal, Frode Olav Olsen"]
[Black "Romanov, Evgeny"]
[Result "1/2-1/2"]
[ECO "D31"]
[WhiteElo "2513"]
[BlackElo "2576"]
[Annotator "ChessBase"]
[PlyCount "92"]
[EventDate "2019.04.14"]
[EventType "tourn"]
[EventCountry "NOR"]
[SourceTitle "playchess.com"]
[Source "ChessBase"]
[SourceQuality "1"]
[TimeControl "40/7200:3600"]

1. d4 d5 2. c4 e6 3. Nc3 Bb4 4. cxd5 exd5 5. Nf3 Ne7 6. Bf4 O-O 7. e3 c6 8. Bd3 Bf5 9. O-O Bxd3 10. Qxd3 Ng6 11. Bg3 a5 12. h4 Re8 13. h5 Nf8 14. Rfe1 Nbd7 15. a3 Be7 16. e4 Nf6 17. exd5 Nxd5 18. Re5 Bf6 19. Rxe8 Qxe8 20. Nxd5 cxd5 21. Rc1 Ne6 22. h6 g6 23. Qb3 Rc8 24. Re1 Qc6 25. Ne5 Nxd4 26. Nxc6 Nxb3 27. Ne7+ Bxe7 28. Rxe7 d4 29. Rd7 b5 30. Be5 Kf8 31. Bf6 Ke8 32. Rd5 a4 33. g4 Nc5 34. Bxd4 Ne6 35. Bf6 Rc5 36. Rd6 g5 37. f3 Rc1+ 38. Kf2 Rh1 39. Ke3 Re1+ 40. Kf2 Rh1 41. Bg7 Nf4 42. Ra6 Rh2+ 43. Ke3 Re2+ 44. Kd4 Rxb2 45. Ra8+ Ke7 46. Ra7+ Ke6 1/2-1/2

[Event "Fagernes GM-A 2019"]
[Site "Fagernes"]
[Date "2019.04.20"]
[Round "8.6"]
[White "Sisatto, Olli"]
[Black "Vestby-Ellingsen, Mads"]
[Result "1/2-1/2"]
[ECO "D97"]
[WhiteElo "2276"]
[BlackElo "2333"]
[Annotator "NA"]
[PlyCount "134"]
[EventDate "2019.04.14"]
[EventType "tourn"]
[EventCountry "NOR"]
[SourceTitle "playchess.com"]
[Source "ChessBase"]
[SourceQuality "1"]
[TimeControl "40/7200:3600"]

1. d4 Nf6 2. c4 g6 3. Nc3 d5 4. Nf3 Bg7 5. Qb3 dxc4 6. Qxc4 O-O 7. e4 Na6 8. Be2 c5 9. d5 e6 10. O-O exd5 11. exd5 Bf5 12. Be3 Re8 13. Rad1 Ne4 14. Nxe4 Bxe4 15. d6 Bc6 16. Ng5 Qf6 17. d7 Red8 18. Bf3 Bxf3 19. Nxf3 Qc6 20. Qd5 Qxd5 21. Rxd5 Nb4 22. Rd2 c4 23. Bg5 f6 24. Be3 Nd3 25. b3 b5 26. bxc4 bxc4 27. Rc2 Nb4 28. Rxc4 Nd5 29. Rd1 Rxd7 30. Rcd4 Nxe3 31. Rxd7 Nxd1 32. Rxd1 Rb8 33. Kf1 Bf8 34. Rd2 a5 35. Ke2 a4 36. Rc2 Kf7 37. Ne1 Ke6 38. Nd3 Bd6 39. h3 a3 40. Kd2 Kd5 41. Rc3 Rb1 42. Rc1 Rb7 43. Rc3 f5 44. Kc2 g5 45. Rc8 Rc7+ 46. Rxc7 Bxc7 47. Kb3 Bd6 48. Ne1 g4 49. Nc2 gxh3 50. gxh3 Ke4 51. Nxa3 Kf3 52. Nc4 Bb8 53. Kc3 Kxf2 54. Kd3 h5 55. a4 Kg3 56. Ke2 Kxh3 57. Kf3 Kh2 58. Ne3 h4 59. Nxf5 h3 60. Kg4 Ba7 61. Nh4 Bf2 62. Nf3+ Kg2 63. a5 Bg3 64. a6 Bf2 65. Ne1+ Kf1 66. Kxh3 Kxe1 67. a7 Bxa7 1/2-1/2

[Event "Fagernes GM-A 2019"]
[Site "Fagernes"]
[Date "2019.04.20"]
[Round "8.7"]
[White "Vorobiov, Evgeny E."]
[Black "Nielsen, Andre"]
[Result "1-0"]
[ECO "D57"]
[WhiteElo "2565"]
[BlackElo "2201"]
[Annotator "ChessBase"]
[PlyCount "81"]
[EventDate "2019.04.14"]
[EventType "tourn"]
[EventCountry "NOR"]
[SourceTitle "playchess.com"]
[Source "ChessBase"]
[SourceQuality "1"]
[TimeControl "40/7200:3600"]

1. Nf3 d5 2. d4 Nf6 3. c4 e6 4. Nc3 Be7 5. Bg5 O-O 6. e3 h6 7. Bh4 Ne4 8. Bxe7 Qxe7 9. cxd5 Nxc3 10. bxc3 exd5 11. Qb3 c6 12. Be2 Nd7 13. a4 Nf6 14. O-O Bg4 15. h3 Be6 16. a5 Ne4 17. Rfb1 Rab8 18. c4 b5 19. axb6 Rxb6 20. Qc2 Rfb8 21. Rxb6 axb6 22. Ne5 Qd6 23. Bd3 Nc5 24. cxd5 Bxd5 25. Bh7+ Kh8 26. Ra7 Rf8 27. Bf5 Qb8 28. Ra3 Qc7 29. dxc5 Qxe5 30. cxb6 Rb8 31. e4 Be6 32. Bxe6 Qxe6 33. Ra6 Kh7 34. e5+ g6 35. Qc5 Kg7 36. Kh2 h5 37. Ra4 Rb7 38. Rb4 Qd7 39. Rd4 Qf5 40. Rd8 Qf4+ 41. g3 1-0

[Event "Fagernes GM-A 2019"]
[Site "Fagernes"]
[Date "2019.04.20"]
[Round "8.8"]
[White "Blomqvist, Erik"]
[Black "Galinsky, Timofey"]
[Result "1-0"]
[ECO "C10"]
[WhiteElo "2496"]
[BlackElo "2378"]
[Annotator "ChessBase"]
[PlyCount "195"]
[EventDate "2019.04.14"]
[EventType "tourn"]
[EventCountry "NOR"]
[SourceTitle "playchess.com"]
[Source "ChessBase"]
[SourceQuality "1"]
[TimeControl "40/7200:3600"]

1. e4 e6 2. d4 d5 3. Nd2 dxe4 4. Nxe4 Bd7 5. Nf3 Bc6 6. Bd3 Nd7 7. Qe2 Ngf6 8. Neg5 Bxf3 9. Nxf3 c6 10. O-O Be7 11. c3 O-O 12. Bf4 Re8 13. Rfe1 Nf8 14. Rad1 Qa5 15. Bb1 Ng6 16. Bc1 Rad8 17. g3 a6 18. h4 Qh5 19. a4 Nd5 20. a5 Bd6 21. Nd2 Qxe2 22. Rxe2 Bc7 23. Nc4 Nf8 24. Rde1 Nd7 25. Be4 N7f6 26. Bf3 Rc8 27. Bd2 Red8 28. b4 h6 29. Kg2 Kf8 30. Ra1 Kg8 31. Nb2 Ne7 32. Nd3 Rb8 33. Kf1 Nf5 34. Kg2 Nd5 35. Rh1 Nd6 36. Ra1 Nf5 37. Be1 Nf6 38. Kh3 Nd6 39. Kg2 Nf5 40. Raa2 Nd6 41. Bd2 Nf5 42. Re1 Nd5 43. Nc5 Nd6 44. Rc2 Nf5 45. Bc1 Nd6 46. Be2 Nf5 47. Bd3 Bd6 48. Bd2 Nf6 49. Bc4 Kh8 50. Bc1 Nd5 51. h5 Bc7 52. f4 Nf6 53. Rh1 Nd7 54. Ra2 Nd6 55. Bd3 Nb5 56. Nxd7 Rxd7 57. Bd2 Rbd8 58. Be1 Bb8 59. Re2 Bd6 60. Bc4 Nc7 61. Kf3 Nd5 62. Bd2 Nf6 63. Bb3 Bf8 64. g4 Nd5 65. Bc2 Nc7 66. g5 Nb5 67. Kf2 Be7 68. Rg1 hxg5 69. fxg5 f6 70. Rxe6 Bxb4 71. gxf6 Rf8 72. h6 gxf6 73. Rg7 Rxg7 74. hxg7+ Kxg7 75. cxb4 Nxd4 76. Re7+ Rf7 77. Rxf7+ Kxf7 78. Bd1 Ke6 79. Ke3 Kd5 80. Bc3 Nf5+ 81. Kd3 Kd6 82. Bxf6 c5 83. Bg4 Nh6 84. Bf3 cxb4 85. Bxb7 Ng4 86. Bd4 b3 87. Kc3 Nh6 88. Kxb3 Nf5 89. Bb6 Ne7 90. Bxa6 Kc6 91. Be2 Nc8 92. Be3 Kb7 93. Kb4 Nd6 94. Bf3+ Ka6 95. Be2+ Kb7 96. Bf4 Ne4 97. Bf3 Ka6 98. Bxe4 1-0

[Event "Fagernes GM-A 2019"]
[Site "Fagernes"]
[Date "2019.04.20"]
[Round "8.9"]
[White "Mihajlov, Sebastian"]
[Black "Santarius, Erik"]
[Result "1/2-1/2"]
[ECO "C44"]
[WhiteElo "2361"]
[BlackElo "2411"]
[Annotator "ChessBase"]
[PlyCount "60"]
[EventDate "2019.04.14"]
[EventType "tourn"]
[EventCountry "NOR"]
[SourceTitle "playchess.com"]
[Source "ChessBase"]
[SourceQuality "1"]
[TimeControl "40/7200:3600"]

1. e4 e5 2. Nf3 Nc6 3. d4 exd4 4. Bc4 Bc5 5. O-O d6 6. c3 Bg4 7. Qb3 Bxf3 8. Bxf7+ Kf8 9. Bxg8 Rxg8 10. gxf3 Bb6 11. Qe6 Qf6 12. Qh3 g5 13. Kh1 Ne5 14. a4 dxc3 15. Nxc3 Qxf3+ 16. Qxf3+ Nxf3 17. a5 Bc5 18. b4 Bxb4 19. Nd5 c5 20. Nxb4 cxb4 21. Rb1 b5 22. a6 Rg6 23. Rxb4 d5 24. exd5 Rxa6 25. Rxb5 Kf7 26. Be3 Rh6 27. Kg2 Nh4+ 28. Kh1 Nf3 29. Kg2 Nh4+ 30. Kh1 Nf3 1/2-1/2

[Event "Fagernes GM-A 2019"]
[Site "Fagernes"]
[Date "2019.04.20"]
[Round "8.10"]
[White "Mikalsen, Erlend"]
[Black "Efroimski, Marsel"]
[Result "1-0"]
[ECO "B19"]
[WhiteElo "2397"]
[BlackElo "2287"]
[Annotator "NA"]
[PlyCount "117"]
[EventDate "2019.04.14"]
[EventType "tourn"]
[EventCountry "NOR"]
[SourceTitle "playchess.com"]
[Source "ChessBase"]
[SourceQuality "1"]
[TimeControl "40/7200:3600"]

1. e4 c6 2. d4 d5 3. Nc3 dxe4 4. Nxe4 Bf5 5. Ng3 Bg6 6. h4 h6 7. Nf3 Nd7 8. h5 Bh7 9. Bd3 Bxd3 10. Qxd3 e6 11. Bd2 Ngf6 12. O-O-O Be7 13. Ne4 Nxe4 14. Qxe4 Nf6 15. Qe2 Qd5 16. Kb1 Rd8 17. Ne5 Qxg2 18. Rh4 O-O 19. Nf3 Ng4 20. Rg1 Qxf2 21. Qxf2 Nxf2 22. Rh2 Ne4 23. Bxh6 Kh7 24. Bxg7 Rg8 25. h6 Nd6 26. Ne5 f6 27. Ng6 Nf5 28. c3 Bd6 29. Rhg2 Rd7 30. Bxf6 Ne3 31. Rg5 Bh2 32. Ne7 Rxg5 33. Rxg5 Nf5 34. Nxf5 exf5 35. Rxf5 Kxh6 36. Be5 Kg6 37. Rf6+ Kg5 38. Re6 Kf5 39. Re8 Bg1 40. Kc2 c5 41. Kd3 cxd4 42. cxd4 Rh7 43. Rf8+ Ke6 44. Rf6+ Ke7 45. Rf1 Rh3+ 46. Ke4 Be3 47. Kd5 Rh5 48. Rf3 Bd2 49. Ra3 a6 50. Rb3 b5 51. Rg3 Rh6 52. Rg7+ Kd8 53. Bd6 Rh1 54. Kc6 Rc1+ 55. Bc5 Ke8 56. Re7+ Kd8 57. Rf7 Bh6 58. Rh7 Bf8 59. Rh8 1-0

[Event "Fagernes GM-A 2019"]
[Site "Fagernes"]
[Date "2019.04.20"]
[Round "8.11"]
[White "Isha Sharma"]
[Black "Hobber, Anders"]
[Result "1/2-1/2"]
[ECO "B01"]
[WhiteElo "1989"]
[BlackElo "2295"]
[Annotator "NA"]
[PlyCount "102"]
[EventDate "2019.04.14"]
[EventType "tourn"]
[EventCountry "NOR"]
[SourceTitle "playchess.com"]
[Source "ChessBase"]
[SourceQuality "1"]
[TimeControl "40/7200:3600"]

1. e4 d5 2. exd5 Qxd5 3. Nc3 Qd8 4. d4 Nf6 5. Nf3 Bg4 6. Be2 e6 7. Bf4 c6 8. h3 Bxf3 9. Bxf3 Nbd7 10. O-O Be7 11. Bg3 O-O 12. Ne2 Re8 13. c4 Bf8 14. Nc3 Qb6 15. Na4 Qa5 16. a3 e5 17. b4 Qd8 18. Nc3 e4 19. Be2 g6 20. Qb3 Bg7 21. Rad1 e3 22. c5 Bh6 23. Bf3 exf2+ 24. Bxf2 Be3 25. Rfe1 Bxf2+ 26. Kxf2 Qc7 27. g3 h5 28. d5 h4 29. d6 hxg3+ 30. Kg2 Qd8 31. Qc4 Ne5 32. Qf4 Nfd7 33. Ne4 Kg7 34. Be2 f5 35. Nxg3 Rh8 36. Rd4 Qf6 37. Bd1 a5 38. Re3 axb4 39. Rxb4 Ra7 40. Bc2 Re8 41. Bxf5 Rf8 42. Bxd7 Nxd7 43. Re7+ Rf7 44. Rxf7+ Qxf7 45. Qxf7+ Kxf7 46. Ne4 Ke6 47. a4 Kd5 48. Kf3 Ra8 49. Rxb7 Ne5+ 50. Ke3 Nc4+ 51. Kd3 Ne5+ 1/2-1/2

[Event "Fagernes GM-A 2019"]
[Site "Fagernes"]
[Date "2019.04.20"]
[Round "8.12"]
[White "Vitenberg, Noam Aviv"]
[Black "Abdrlauf, Elham"]
[Result "1/2-1/2"]
[ECO "E38"]
[WhiteElo "2203"]
[BlackElo "2123"]
[Annotator "NA"]
[PlyCount "20"]
[EventDate "2019.04.14"]
[EventType "tourn"]
[EventCountry "NOR"]
[SourceTitle "playchess.com"]
[Source "ChessBase"]
[SourceQuality "1"]
[TimeControl "40/7200:3600"]

1. d4 e6 2. c4 Nf6 3. Nc3 Bb4 4. Qc2 c5 5. Nf3 Nc6 6. dxc5 Bxc5 7. Bg5 h6 8. Bh4 Qa5 9. e3 Bb4 10. Bd3 Bxc3+ 1/2-1/2

[Event "Fagernes GM-A 2019"]
[Site "Fagernes"]
[Date "2019.04.20"]
[Round "8.13"]
[White "Kizatbay, Abyl"]
[Black "Notkevich, Benjamin Arvola"]
[Result "0-1"]
[ECO "B09"]
[WhiteElo "2108"]
[BlackElo "2495"]
[Annotator "ChessBase"]
[PlyCount "84"]
[EventDate "2019.04.14"]
[EventType "tourn"]
[EventCountry "NOR"]
[SourceTitle "playchess.com"]
[Source "ChessBase"]
[SourceQuality "1"]
[TimeControl "40/7200:3600"]

1. e4 g6 2. d4 Bg7 3. Nc3 d6 4. f4 Nf6 5. Nf3 O-O 6. Be3 b6 7. Qd2 Bb7 8. e5 Ng4 9. O-O-O c5 10. dxc5 bxc5 11. Bxc5 Qa5 12. Ba3 dxe5 13. h3 Bh6 14. Kb1 Bxf4 15. Qe1 Ne3 16. Nd5 Qxe1 17. Nxe7+ Kg7 18. Rxe1 Rd8 19. Bc5 Bg3 20. Rc1 e4 21. Bxe3 exf3 22. gxf3 Bh4 23. Bc5 Rd7 24. Bb5 Bxe7 25. Bxd7 Bxc5 26. Bb5 Bxf3 27. Rhf1 Bg2 28. Rfe1 Nc6 29. Rcd1 Nd4 30. Bc4 Bxh3 31. Re5 Bb6 32. a4 Bf5 33. Bd3 Bg4 34. Rf1 Nf3 35. Re2 f5 36. Ka2 h5 37. b4 h4 38. a5 Bd4 39. Re7+ Kh6 40. Rd7 h3 41. Rxf3 Bxf3 42. Rxd4 Kg5 0-1

[Event "Fagernes GM-A 2019"]
[Site "Fagernes"]
[Date "2019.04.20"]
[Round "8.14"]
[White "Ingebretsen, Jens E"]
[Black "Dolzhikova, Olga"]
[Result "0-1"]
[ECO "B06"]
[WhiteElo "2300"]
[BlackElo "2231"]
[Annotator "NA"]
[PlyCount "34"]
[EventDate "2019.04.14"]
[EventType "tourn"]
[EventCountry "NOR"]
[SourceTitle "playchess.com"]
[Source "ChessBase"]
[SourceQuality "1"]
[TimeControl "40/7200:3600"]

1. e4 g6 2. d4 Bg7 3. Nc3 c6 4. Bc4 b5 5. Bb3 a5 6. a3 e6 7. e5 d5 8. exd6 Qxd6 9. Qf3 Nf6 10. Nxb5 Qd7 11. Bf4 O-O 12. Ne2 cxb5 13. Qxa8 Nc6 14. d5 exd5 15. Bxd5 Nxd5 16. Rd1 Qe6 17. O-O Nb6 0-1

[Event "Fagernes GM-A 2019"]
[Site "Fagernes"]
[Date "2019.04.20"]
[Round "8.15"]
[White "Machlik, Monika"]
[Black "Dahl, Trygve"]
[Result "0-1"]
[ECO "E32"]
[WhiteElo "2059"]
[BlackElo "2275"]
[Annotator "NA"]
[PlyCount "70"]
[EventDate "2019.04.14"]
[EventType "tourn"]
[EventCountry "NOR"]
[SourceTitle "playchess.com"]
[Source "ChessBase"]
[SourceQuality "1"]
[TimeControl "40/7200:3600"]

1. d4 Nf6 2. c4 e6 3. Nc3 Bb4 4. Qc2 O-O 5. a3 Bxc3+ 6. Qxc3 d6 7. f3 Nc6 8. e4 a5 9. Bd3 a4 10. Ne2 e5 11. Be3 b6 12. O-O Re8 13. d5 Na5 14. Qc2 Nb3 15. Rae1 Nc5 16. Bg5 h6 17. Bh4 g5 18. Bf2 Nh5 19. Kh1 Qf6 20. Qd2 Kh8 21. Bc2 Rg8 22. Nc3 Bd7 23. Nb5 Rg6 24. Nxc7 Rag8 25. Be3 Nf4 26. Nb5 Qe7 27. Nc3 Nh5 28. Rf2 g4 29. fxg4 Bxg4 30. Bd1 Qh4 31. Bxc5 Bxd1 32. Rxd1 Rg5 33. Be3 Ng3+ 34. Kg1 Qxh2+ 35. Kxh2 Rh5+ 0-1

[Event "Fagernes GM-A 2019"]
[Site "Fagernes"]
[Date "2019.04.20"]
[Round "8.15"]
[White "Machlik, Monika"]
[Black "Dahl, Torbjorn"]
[Result "*"]
[ECO "E32"]
[WhiteElo "2059"]
[BlackElo "1917"]
[Annotator "NA"]
[PlyCount "31"]
[EventDate "2019.04.14"]
[EventType "tourn"]
[EventCountry "NOR"]
[SourceTitle "playchess.com"]
[Source "ChessBase"]
[SourceQuality "1"]
[TimeControl "40/7200:3600"]

1. d4 Nf6 2. c4 e6 3. Nc3 Bb4 4. Qc2 O-O 5. a3 Bxc3+ 6. Qxc3 d6 7. f3 Nc6 8. e4 a5 9. Bd3 a4 10. Ne2 e5 11. Be3 b6 12. O-O Re8 13. d5 Na5 14. Qc2 Nb3 15. Rae1 Nc5 16. Bg5 *

[Event "Fagernes GM-A 2019"]
[Site "Fagernes"]
[Date "2019.04.20"]
[Round "8.16"]
[White "Holleland, Sigve"]
[Black "Andersen, Morten"]
[Result "1-0"]
[ECO "D02"]
[WhiteElo "2024"]
[BlackElo "2223"]
[Annotator "NA"]
[PlyCount "85"]
[EventDate "2019.04.14"]
[EventType "tourn"]
[EventCountry "NOR"]
[SourceTitle "playchess.com"]
[Source "ChessBase"]
[SourceQuality "1"]
[TimeControl "40/7200:3600"]

1. d4 d5 2. Bf4 Nf6 3. e3 c5 4. Nf3 Qb6 5. Nc3 c4 6. Qd2 Nc6 7. Be2 Bg4 8. O-O e6 9. a3 Be7 10. b3 Ne4 11. Nxe4 dxe4 12. Ng5 Bxe2 13. Qxe2 cxb3 14. cxb3 Qxb3 15. Nxe4 O-O 16. Rfb1 Qd5 17. Qd3 b6 18. Rb5 Qd7 19. Rh5 f5 20. Ng5 h6 21. Nf3 Bf6 22. Rc1 Rac8 23. Rd1 Qd5 24. h3 b5 25. Nd2 Ne5 26. Bxe5 Bxe5 27. g4 Bb8 28. e4 Qd6 29. e5 Qd7 30. gxf5 exf5 31. Re1 Qf7 32. Qf3 Rc2 33. Nf1 Rb2 34. e6 Qg6+ 35. Kh1 Rxf2 36. Qxf2 Qxh5 37. Qg2 Qh4 38. Re2 Qxd4 39. e7 Re8 40. Qc6 Qf4 41. Qxe8+ Kh7 42. Nd2 Bd6 43. Qd7 1-0

[Event "Fagernes GM-A 2019"]
[Site "Fagernes"]
[Date "2019.04.20"]
[Round "8.17"]
[White "Grover, Sigurd Loe"]
[Black "Bjerke, Richard"]
[Result "0-1"]
[ECO "A21"]
[WhiteElo "2020"]
[BlackElo "2156"]
[Annotator "NA"]
[PlyCount "84"]
[EventDate "2019.04.14"]
[EventType "tourn"]
[EventCountry "NOR"]
[SourceTitle "playchess.com"]
[Source "ChessBase"]
[SourceQuality "1"]
[TimeControl "40/7200:3600"]

1. c4 e5 2. Nc3 d6 3. Nf3 f5 4. d4 e4 5. Ng5 Be7 6. Nh3 Nf6 7. Bg5 O-O 8. e3 c6 9. Nf4 Na6 10. h4 Nc7 11. d5 c5 12. h5 Ng4 13. Bxe7 Qxe7 14. Be2 Ne5 15. a3 Bd7 16. b4 b6 17. Qd2 a6 18. Rb1 Rfb8 19. g3 Ne8 20. Kf1 Nf6 21. Kg2 Nfg4 22. Qc2 Qe8 23. Rb2 cxb4 24. axb4 Rc8 25. Qb3 Kh8 26. Ra2 b5 27. cxb5 axb5 28. Rxa8 Rxa8 29. Ne6 Rc8 30. Qb2 Bxe6 31. dxe6 Qxe6 32. Nxb5 Nc4 33. Qd4 d5 34. Bxg4 fxg4 35. h6 Qf7 36. Rd1 Rg8 37. Kg1 Rf8 38. hxg7+ Qxg7 39. Qxd5 Qf6 40. Qd4 Ne5 41. Qxe4 Qxf2+ 42. Kh1 Nf3 0-1

[Event "Fagernes GM-A 2019"]
[Site "Fagernes"]
[Date "2019.04.20"]
[Round "8.18"]
[White "Bentsen, Hakon"]
[Black "Lindbol, Aleksander"]
[Result "1-0"]
[ECO "B33"]
[WhiteElo "2155"]
[BlackElo "2139"]
[Annotator "NA"]
[PlyCount "117"]
[EventDate "2019.04.14"]
[EventType "tourn"]
[EventCountry "NOR"]
[SourceTitle "playchess.com"]
[Source "ChessBase"]
[SourceQuality "1"]
[TimeControl "40/7200:3600"]

1. e4 c5 2. Nf3 Nc6 3. d4 cxd4 4. Nxd4 Nf6 5. Nc3 e5 6. Ndb5 d6 7. Bg5 a6 8. Na3 b5 9. Nd5 Be7 10. Bxf6 Bxf6 11. c3 O-O 12. Nc2 Bg5 13. a4 bxa4 14. Rxa4 a5 15. Bc4 Rb8 16. Ra2 g6 17. Nce3 Kh8 18. O-O f5 19. Qa4 Bd7 20. Qa3 f4 21. Nc2 f3 22. g3 Be6 23. Rd1 Ne7 24. Nce3 Qc8 25. Qxd6 Bxd5 26. Rxd5 Nxd5 27. Qxe5+ Bf6 28. Qxd5 Rd8 29. Qf7 Bg7 30. Qxf3 Rd2 31. Rxa5 Rdxb2 32. Ra7 R2b7 33. Rxb7 Qxb7 34. Nd5 Re8 35. Kg2 Qb2 36. Nf6 Rf8 37. e5 Qa3 38. Bd5 Qe7 39. Qf4 Bxf6 40. exf6 Qxf6 41. Qxf6+ Rxf6 42. h4 Kg7 43. c4 Ra6 44. g4 h6 45. Kg3 Ra2 46. Kf3 Kf6 47. Ke3 Ra3+ 48. Kf4 Rh3 49. g5+ Kg7 50. gxh6+ Kxh6 51. c5 Rc3 52. c6 Kh5 53. Ke5 Kxh4 54. Kd6 Kg4 55. c7 Rxc7 56. Kxc7 Kf4 57. Kd6 g5 58. Bh1 g4 59. Ke6 1-0